 Dungeon Crawl Stone Soup version 0.21-a0-504-g2eda330 (webtiles) character file.

425411 kae the Wrestler (level 22, -14/255 HPs)
             Began as a Troll Monk on Nov 25, 2017.
             Was the Champion of Wu Jian.
             Blown up by an ancient lich (40 damage)
             ... with a wavering orb of destruction
             ... on level 5 of the Vaults on Nov 26, 2017.
             The game lasted 02:12:08 (52149 turns).

kae the Wrestler (Troll Monk)                      Turns: 52149, Time: 02:12:09

Health: -14/255    AC: 22    Str: 25    XL:     22   Next: 73%
Magic:  0/21       EV: 18    Int: 16    God:    Wu Jian [******]
Gold:   3932       SH:  0    Dex: 23    Spells: 21/21 levels left

rFire    . . .     SeeInvis .     - Unarmed
rCold    . . .     Gourm    +   (no shield)
rNeg     . . .     Faith    .   X - +5 storm dragon scales {Bai Suzhen}
rPois    .         Spirit   +   (helmet restricted)
rElec    +         Reflect  .   H - scarf {cloud immunity}
rCorr    .         Harm     .   (gloves unavailable)
MR       +....                  (boots unavailable)
Stlth    ..........             f - amulet of guardian spirit
HPRegen  0.92/turn              W - ring "Mueshruuts" {Ice Int+4 Slay+2}
MPRegen  0.17/turn              I - ring "Kiwkutz" {Fire *Contam Int+6 Dex+4}

@: marked, glowing, studying Dodging, drained, heavenly storm
A: large, unfitting armour, claws 3, blink, fast metabolism 3, gourmand,
regeneration 1, robust 1, shaggy fur 1, tough skin 2
}: 2/15 runes: barnacled, gossamer
a: Blink, Serpent's Lash, Heavenly Storm, Renounce Religion


You were on level 5 of the Vaults.
You worshipped Wu Jian.
Wu Jian was exalted by your worship.
You were full.

You visited 7 branches of the dungeon, and saw 38 of its levels.
You visited the Abyss 2 times.
You also visited: Sewer.

You collected 3988 gold pieces.
You spent 56 gold pieces at shops.

Inventory:

Armour
 t - +0 acid dragon scales
 H - a scarf of cloud immunity (worn)
 X - +5 storm dragon scales (worn) {Bai Suzhen}
Jewellery
 c - a +5 ring of dexterity
 f - an amulet of guardian spirit (around neck)
 w - an uncursed ring of poison resistance
 A - a +6 ring of intelligence
 I - the ring "Kiwkutz" (right claw) {Fire *Contam Int+6 Dex+4}
   (You acquired it on level 4 of the Lair of Beasts)

   [ring of fire]

   It enhances your fire magic.
   It affects your intelligence (+6).
   It affects your dexterity (+4).
   It protects you from fire.
   It makes you vulnerable to cold.
   It causes magical contamination when unequipped.
 J - an uncursed ring of magical power
 O - a +4 ring of protection
 P - a +3 ring of strength
 T - an uncursed ring of protection from magic
 W - the ring "Mueshruuts" (left claw) {Ice Int+4 Slay+2}
   (You found it on level 4 of the Vaults)

   [ring of ice]

   It enhances your ice magic.
   It affects your intelligence (+4).
   It affects your accuracy and damage with ranged weapons and melee attacks
   (+2).
   It makes you vulnerable to fire.
   It protects you from cold.
Wands
 k - a wand of polymorph (10)
 r - a wand of digging (23)
 x - a wand of paralysis (43)
 B - a wand of iceblast (29)
 F - a wand of disintegration (44)
 L - a wand of acid (21)
 Q - a wand of flame (25)
 U - a wand of scattershot (7)
Scrolls
 l - 11 scrolls of immolation
 m - 4 scrolls of magic mapping
 p - 4 scrolls of fog
 q - 2 scrolls of brand weapon
 u - 19 scrolls of identify
 v - 3 scrolls of blinking
 y - 4 scrolls of amnesia
 D - 16 scrolls of remove curse
 E - 3 scrolls of enchant weapon
 N - 2 scrolls of teleportation
Potions
 d - 6 potions of might
 e - 5 potions of curing
 i - 6 potions of invisibility
 j - 7 potions of ambrosia
 o - 4 potions of mutation
 z - 7 potions of flight
 G - 3 potions of agility
 M - 4 potions of lignification
 R - a potion of berserk rage
 S - 2 potions of resistance
 V - a potion of cancellation
Books
 n - a book of Minor Magic

   Spells                             Type                      Level
   a - Magic Dart                     Conjuration                  1
   b - Blink                          Translocation                2
   c - Call Imp                       Summoning                    2
   d - Slow                           Hexes                        2
   e - Conjure Flame                  Conjuration/Fire             3
   f - Mephitic Cloud                 Conjuration/Poison/Air       3
 C - a manual of Dodging
 Y - a book of Maledictions

   Spells                             Type                      Level
   a - Corona                         Hexes                        1
   b - Ensorcelled Hibernation        Hexes/Ice                    2
   c - Confuse                        Hexes                        3
   d - Tukima's Dance                 Hexes                        3
   e - Dazzling Spray                 Conjuration/Hexes            3
Comestibles
 b - 20 bread rations
 g - 14 royal jellies
 h - 37 fruits
 s - 9 meat rations


   Skills:
 + Level 16.5(15.4) Fighting
 + Level 10.9(9.9) Armour
 + Level 17.9(16.7) Dodging
 - Level 1.0(0.2) Stealth
 * Level 25.3(23.9) Unarmed Combat


You had 21 spell levels left.
You didn't know any spells.

Dungeon Overview and Level Annotations

Branches:
Dungeon (15/15)            Temple (0/1) D:6            Lair (6/6) D:8
 Shoals (4/4) Lair:4       Spider (4/4) Lair:2        Slime (0/5) Lair:5
    Orc (2/2) D:9             Elf (2/3) Orc:2        Vaults (5/5) D:13
  Crypt (0/3) Vaults:3     Depths (0/5) D:15

Altars:
Ashenzari
Cheibriados
Dithmenos
Kikubaaqudgha
Nemelex Xobeh
Qazlal
Ru
Trog
Uskayaw
Vehumet
Wu Jian
Zin
The Shining One

Shops:
D:5 }}   D:9 :   D:10 *   Orc:2 }*}:   Elf:1 }=}   Elf:2 %   Shoals:1 *
Vaults:2 ?

Annotations:
Lair:6 exclusions: hydra and 3 oklob plants
Shoals:1 Roxanne
Shoals:2 exclusion: kraken
Spider:3 Mara
Elf:2 exclusion: 5 doors


Innate Abilities, Weirdness & Mutations

You are too large for most types of armour.
You have claws for hands.
Your metabolism is lightning-fast.
You like to eat raw meat.
Your natural rate of healing is unusually fast.
You are covered in fur. (AC +1)
You have very tough skin. (AC +2)
You can translocate small distances at will.
You are robust. (+10% HP)


Message History

You are covered in liquid flames!
* * * LOW HITPOINT WARNING * * *
The ancient lich gestures at you while chanting.
You shrug off the repeated paralysis!
The ancient lich casts a spell.
The ancient lich seems to speed up.
The ancient lich touches you.
* * * LOW HITPOINT WARNING * * *
The yaktaur unwields an uncursed arbalest.
The yaktaur hits you but does no damage.
You can move again.
A fire dragon comes into view.
Items here: ! $ ( ) [ † Unknown command.
You feel much better.
You are covered in liquid flames!
* * * LOW HITPOINT WARNING * * *
The ancient lich closely misses you.
The ancient lich conjures a glowing orb.
The wavering orb of destruction weakly hits you!
You die...

#.....
#....
#.... .
#.... ..
#...# ...
#§§§# ....
#§§§#
.....
#§§L#§..#
#§c@L§.#
#§D§§§.#
..§§§§§.#
....######
#....
#....
#.... #...


You could see 2 ancient liches, a fire dragon and a yaktaur.

Vanquished Creatures
  Bai Suzhen (Vaults:2)
  Boris (Vaults:3)
  Frederick (Vaults:2)
  Arachne (Spider:2)
  3 liches
  Asterion (Vaults:1)
  2 tentacled monstrosities
  A quicksilver dragon (Vaults:4)
  Polyphemus (Shoals:4)
  Frances (Shoals:1)
  A sphinx (Vaults:3)
  A kraken (Shoals:4)
  2 tentacled starspawn
  2 shadow dragons
  A storm dragon (Vaults:4)
  Agnes (Spider:2)
  Kirke (Lair:4)
  Ilsuiw (Shoals:4)
  3 deep elf sorcerers
  4 frost giants
  4 fire giants
  12 vault wardens
  Louise (Spider:3)
  2 emperor scorpions (Spider:4)
  Aizul (Shoals:1)
  2 ghost moths (Spider:4)
  A war gargoyle (Vaults:5)
  2 entropy weavers
  16 ironheart preservers
  4 stone giants
  3 very ugly things (Vaults:4)
  A purple draconian (Abyss:2)
  3 deep elf annihilators
  The ghost of Soeti the Protected, a journeyman BaFi of Cheibriados (Lair:4)
  Azrael (Spider:3)
  4 deep elf demonologists
  3 spark wasps
  A spark wasp (shapeshifter) (Elf:1)
  2 ettins
  2 merfolk javelineers (Shoals:4)
  15 merfolk impalers
  Snorg (Lair:4)
  2 deep elf death magi
  12 yaktaur captains
  Josephine (Lair:4)
  4 deep elf high priests
  4 great orbs of eyes
  30 vault guards
  2 ice dragons (Vaults:3)
  2 rakshasas
  4 centaur warriors
  3 hydras
  5 catoblepae
  A satyr (Shoals:4)
  49 two-headed ogres
  13 merfolk aquamancers
  4 merfolk avatars
  12 dancing weapons
  The ghost of kibaces the Cleaver, a journeyman GrBe of Trog (D:9)
  12 ogre magi
  13 death yaks
  2 deep troll shamans
  4 orc high priests
  2 deep troll earth magi (Vaults:3)
  Urug (Lair:4)
  A hell knight (Vaults:3)
  19 deep elf knights
  2 titan zombies (Orc:1)
  3 thrashing horrors
  Nergalle (D:12)
  A storm dragon zombie (Vaults:1)
  A wretched star (Abyss:2)
  10 skeletal warriors
  2 shadow wraiths
  6 unseen horrors
  A glowing orange brain (shapeshifter) (D:15)
  14 deep trolls
  A glowing orange brain (Vaults:4)
  2 necromancers (Vaults:1)
  4 phantasmal warriors
  15 sea snakes
  20 deep elf archers
  12 ironbrand convokers
  15 orc knights
  4 wizards
  A tengu skeleton (Vaults:1)
  24 harpies
  17 orb spiders
  60 deep elf magi
  7 orc sorcerers
  14 fauns
  38 wolf spiders
  29 ugly things
  22 cyclopes
  3 moths of wrath
  2 stone giant zombies
  The ghost of kae the Ruffian, a novice TrMo (D:5)
  10 merfolk sirens
  9 manticores
  A black mamba (shapeshifter) (Vaults:3)
  3 black mambas (Lair:6)
  A guardian serpent (shapeshifter) (D:15)
  2 centaur zombies
  19 vault sentinels
  A human skeleton (Vaults:1)
  6 elephants (Lair:5)
  7 spiny frogs
  A smoke demon (Abyss:2)
  A torpor snail (Spider:1)
  8 water nymphs
  3 kobold demonologists
  3 komodo dragons
  2 rime drakes
  14 demonic crawlers
  2 freezing wraiths
  32 yaktaurs
  An efreet (D:13)
  A hellwing (Abyss:2)
  A yaktaur skeleton (Vaults:1)
  2 ancient zymes
  45 merfolk
  37 jumping spiders
  6 hornets
  2 polar bears
  6 large abominations
  10 trolls
  6 wind drakes
  24 slime creatures
  8 blink frogs
  9 dream sheep
  8 snapping turtles
  A raiju (Abyss:2)
  A blink frog (shapeshifter) (Vaults:3)
  6 hippogriffs
  Sigmund (D:2)
  An ettin zombie (Vaults:1)
  10 starcursed masses (Abyss:2)
  5 flying skulls (Abyss:2)
  15 water elementals
  54 redbacks
  7 wraiths
  24 tarantellas
  3 fire elementals
  2 shadows
  A ynoxinul (Abyss:2)
  2 wyverns
  68 yaks
  A human (D:7)
  A basilisk (shapeshifter) (D:15)
  4 fire bats (Abyss:2)
  A human simulacrum (Vaults:1)
  2 basilisks
  A chaos spawn (Abyss:2)
  4 hungry ghosts
  3 vampire mosquitoes (D:8)
  7 hogs
  8 wargs
  A steam dragon (D:15)
  3 acid dragons
  6 hell hounds
  A spatial vortex (Abyss:3)
  6 water moccasins
  7 porcupines
  A floating eye (shapeshifter) (Vaults:5)
  4 black bears
  3 ice beasts
  36 orc warriors
  3 sky beasts
  An eye of draining (shapeshifter) (Vaults:2)
  3 necrophages
  A human zombie (Vaults:1)
  A phantom (D:6)
  28 ogres
  9 centaurs
  18 wolves
  7 big kobolds
  3 crocodiles
  16 bullfrogs
  Blork the orc (D:5)
  A gnoll sergeant (D:13)
  A cyclops zombie (Orc:1)
  3 small abominations
  2 scorpions (D:8)
  5 wights (D:15)
  14 killer bees
  2 electric eels
  3 howler monkeys
  9 crimson imps
  3 jellies
  A bullfrog zombie (D:9)
  5 hounds
  4 centaur skeletons
  30 orc priests
  6 bullfrog skeletons
  2 iguanas
  An iron imp (Abyss:2)
  33 orc wizards
  Terence (D:2)
  Natasha (thrice) (D:2)
  5 worker ants
  2 killer bee zombies
  3 hound skeletons
  14 gnolls
  21 adders
  2 river rats (Sewer)
  4 shadow imps
  A white imp (D:11)
  An ufetubus (Abyss:3)
  6 oozes
  An adder zombie (D:6)
  4 worms
  3 dart slugs
  2 leopard geckos
  102 orcs
  A ball python (D:3)
  5 bats
  2 bat zombies (D:3)
  4 giant cockroaches
  6 goblins
  5 hobgoblins
  8 jackals
  3 quokkas
  3 frilled lizards
  2 goblin skeletons (D:9)
  2 goblin zombies (D:9)
  2 hobgoblin zombies (D:9)
  A jackal skeleton (D:4)
  15 kobolds
  A kobold skeleton (D:9)
  2 kobold zombies (D:9)
  An orc zombie (D:9)
  6 rats
  2 rat zombies (D:3)
  4 tentacles (Shoals:4)
1705 creatures vanquished.

Vanquished Creatures (others)
  A dancing weapon (Vaults:3)
  A tengu warrior (D:13)
  A wizard (Vaults:2)
  A komodo dragon (D:15)
  A demonic crawler (Spider:4)
  2 yaktaurs
  A merfolk (shapeshifter) (Vaults:4)
  A jumping spider (Spider:3)
  An air elemental (Elf:1)
  An orc (Vaults:1)
  30 fungi
  25 plants
  2 starspawn tentacles (Abyss:3)
  20 tentacles (Shoals:4)
88 creatures vanquished.

Grand Total: 1793 creatures vanquished

Notes
Turn   | Place    | Note
-------+----------+-------------------------------------------
     0 | D:1      | kae the Troll Monk began the quest for the Orb.
     0 | D:1      | Reached XP level 1. HP: 22/22 MP: 0/0
   271 | D:1      | Reached XP level 2. HP: 29/29 MP: 1/1
   356 | D:1      | You fall through a shaft!
   360 | D:2      | Noticed Natasha
   368 | D:2      | Killed Natasha
   368 | D:2      | Reached XP level 3. HP: 18/36 MP: 2/2
   502 | D:2      | Reached skill level 4 in Unarmed Combat
   504 | D:2      | Reached XP level 4. HP: 44/44 MP: 3/3
   547 | D:2      | Noticed Natasha
   553 | D:2      | Killed Natasha
   558 | D:2      | Noticed Sigmund
   572 | D:2      | Killed Sigmund
   572 | D:2      | Reached skill level 5 in Unarmed Combat
   572 | D:2      | Reached XP level 5. HP: 43/53 MP: 4/4
   572 | D:2      | Reached XP level 6. HP: 49/61 MP: 5/5
   638 | D:2      | Noticed Natasha
   649 | D:2      | Killed Natasha
   682 | D:2      | Found a hide-covered altar of Uskayaw.
   828 | D:2      | Noticed Terence
   832 | D:2      | Found an ornate altar of the Wu Jian Council.
   838 | D:2      | Killed Terence
   845 | D:2      | Became a worshipper of the Wu Jian Council
   845 | D:2      | Reached * piety under Wu Jian
   845 | D:2      | Reached ** piety under Wu Jian
   850 | D:2      | Found a shattered altar of Ashenzari.
   854 | D:2      | Found a sparkling altar of Nemelex Xobeh.
  1607 | D:3      | Found an ancient bone altar of Kikubaaqudgha.
  2003 | D:4      | Reached skill level 6 in Unarmed Combat
  2098 | D:4      | Reached XP level 7. HP: 68/68 MP: 6/6
  2169 | D:4      | Reached *** piety under Wu Jian
  2543 | D:5      | Entered Level 5 of the Dungeon
  2652 | D:5      | Found Meorunamp's Gadget Boutique.
  2705 | D:5      | Reached skill level 7 in Unarmed Combat
  2723 | D:5      | Found a glowing drain.
  2735 | Sewer    | Entered a sewer
  2831 | Sewer    | Reached XP level 8. HP: 77/78 MP: 7/7
  3383 | D:5      | Noticed kae's ghost (novice TrMo)
  3393 | D:5      | Killed kae's ghost
  3393 | D:5      | Reached skill level 5 in Fighting
  3393 | D:5      | Reached skill level 5 in Dodging
  3393 | D:5      | Reached skill level 8 in Unarmed Combat
  3665 | D:5      | Found Voakk's Gadget Boutique.
  3731 | D:5      | Noticed Blork the orc
  3740 | D:5      | Killed Blork the orc
  3850 | D:6      | Got an ancient ring mail
  3954 | D:6      | Reached skill level 9 in Unarmed Combat
  3954 | D:6      | Reached XP level 9. HP: 62/87 MP: 5/8
  3963 | D:6      | Reached **** piety under Wu Jian
  4319 | D:6      | Found a stormy altar of Qazlal.
  4320 | D:6      | Found a radiant altar of Vehumet.
  4320 | D:6      | Found a shadowy altar of Dithmenos.
  4402 | D:6      | Found a staircase to the Ecumenical Temple.
  4745 | D:7      | Reached skill level 10 in Unarmed Combat
  5161 | D:7      | Reached XP level 10. HP: 93/100 MP: 9/9
  5246 | D:7      | Reached ***** piety under Wu Jian
  5786 | D:8      | Reached skill level 11 in Unarmed Combat
  5793 | D:8      | Found a staircase to the Lair.
  5907 | D:8      | Noticed a two-headed ogre
  5921 | D:8      | Killed a two-headed ogre
  6008 | D:8      | Noticed a two-headed ogre
  6021 | D:8      | Killed a two-headed ogre
  6021 | D:8      | Reached skill level 12 in Unarmed Combat
  6353 | Lair:1   | Entered Level 1 of the Lair of Beasts
  6494 | Lair:1   | Noticed a spiny frog
  6500 | Lair:1   | Killed a spiny frog
  6500 | Lair:1   | Reached XP level 11. HP: 82/109 MP: 7/10
  7178 | Lair:2   | Found a hole to the Spider Nest.
  7622 | Lair:2   | Noticed a four-headed hydra
  8397 | Lair:3   | Reached skill level 13 in Unarmed Combat
  8798 | Lair:3   | You fall through a shaft!
  8835 | Lair:4   | Noticed Snorg
  8958 | Lair:4   | Noticed Urug
  8971 | Lair:4   | Killed Urug
  9082 | Lair:4   | Noticed Josephine
  9124 | Lair:4   | Found a staircase to the Shoals.
  9134 | Lair:4   | Noticed Soeti's ghost (journeyman BaFi)
  9150 | Lair:4   | Identified a scroll of acquirement
  9151 | Lair:4   | Got a flickering glass ring
  9253 | Lair:4   | Noticed Kirke
  9287 | Lair:4   | Noticed a sphinx
  9288 | Lair:4   | HP: 4/113 [hog[Kirke] (3)]
  9515 | Lair:4   | Killed Snorg
  9515 | Lair:4   | Reached XP level 12. HP: 65/122 MP: 5/11
  9697 | Lair:4   | Reached skill level 14 in Unarmed Combat
  9861 | Lair:4   | Killed Soeti's ghost
 10392 | Lair:4   | Killed Kirke
 10552 | Lair:4   | Killed Josephine
 11608 | Lair:5   | Reached skill level 15 in Unarmed Combat
 12249 | Lair:5   | Found a staircase to the Slime Pits.
 12539 | Lair:6   | Entered Level 6 of the Lair of Beasts
 12554 | Lair:6   | Reached XP level 13. HP: 70/132 MP: 6/12
 13250 | Lair:6   | Reached skill level 10 in Dodging
 13295 | Lair:6   | Reached skill level 10 in Fighting
 13302 | Lair:6   | Reached ****** piety under Wu Jian
 13404 | Lair:6   | Found a glowing silver altar of Zin.
 13617 | Lair:6   | Reached skill level 16 in Unarmed Combat
 14653 | Lair:6   | HP: 5/135 [catoblepas (6)]
 15327 | Lair:1   | Identified the ring "Kiwkutz" {Fire *Contam Int+6 Dex+4} (You acquired it on level 4 of the Lair of Beasts)
 15439 | D:9      | Found a glowing golden altar of the Shining One.
 15822 | D:9      | Noticed kibaces's ghost (journeyman GrBe)
 15830 | D:9      | Killed kibaces's ghost
 15830 | D:9      | Reached XP level 14. HP: 119/144 MP: 9/13
 15884 | D:9      | Found Joebai's Book Emporium.
 15891 | D:9      | Found a staircase to the Orcish Mines.
 15989 | D:9      | Found a snail-covered altar of Cheibriados.
 16149 | Orc:1    | Entered Level 1 of the Orcish Mines
 16776 | Orc:1    | Reached skill level 17 in Unarmed Combat
 17214 | Orc:1    | Noticed a frost giant
 17503 | Orc:2    | Entered Level 2 of the Orcish Mines
 17503 | Orc:2    | Found a bloodstained altar of Trog.
 17924 | Orc:2    | Found a staircase to the Elven Halls.
 18345 | Orc:2    | Found Xufownau's Book Emporium.
 18834 | Orc:2    | Found Paczae's Gadget Emporium.
 18889 | Orc:2    | Found Fuarotatz's Gadget Shop.
 18892 | Orc:2    | Found Qachifoz's Assorted Antiques.
 19009 | Orc:2    | Bought a scroll labeled MAREFI SUSMARU for 28 gold pieces
 19009 | Orc:2    | Bought a scroll labeled UCA ETZESHOBU for 28 gold pieces
 19143 | Orc:1    | Killed a frost giant
 19614 | D:10     | Entered Level 10 of the Dungeon
 19736 | D:10     | Found Doihe's Changing Room.
 19826 | D:10     | Found the ring of Shadows {Umbra +Inv Stlth+}
 19830 | D:10     | You fall through a shaft!
 20841 | D:12     | Reached skill level 18 in Unarmed Combat
 21077 | D:12     | Noticed Nergalle
 21092 | D:12     | Killed Nergalle
 21627 | D:12     | Reached XP level 15. HP: 135/154 MP: 12/14
 21905 | D:13     | Reached XP level 16. HP: 165/165 MP: 15/15
 22015 | D:13     | Found a gate to the Vaults.
 22479 | D:13     | Found a sacrificial altar of Ru.
 23567 | D:15     | Entered Level 15 of the Dungeon
 24053 | D:15     | Found a staircase to the Depths.
 24958 | Spider:1 | Entered Level 1 of the Spider Nest
 25120 | Spider:1 | Reached skill level 19 in Unarmed Combat
 25631 | D:11     | Paralysed by fainting for 12 turns
 27620 | Spider:2 | HP: 8/167 [tarantella (13)]
 27623 | Spider:2 | Noticed Arachne
 27623 | Spider:2 | HP: 3/167 [poisoned by a wolf spider]
 27984 | Spider:2 | Killed Arachne
 28904 | Spider:2 | Reached XP level 17. HP: 161/175 MP: 14/16
 29896 | Spider:3 | Noticed Agnes
 29908 | Spider:2 | Killed Agnes
 29993 | Spider:3 | Gained mutation: You can translocate small distances at will. [potion of mutation]
 29993 | Spider:3 | Gained mutation: You are robust. (+10% HP) [potion of mutation]
 30074 | Spider:3 | Noticed Louise
 30124 | Spider:3 | Cast into level 3 of the Abyss (Louise)
 30288 | Abyss:3  | Found a corrupted altar of Lugonu.
 30302 | Abyss:3  | Noticed a lich
 30305 | Abyss:3  | Killed a lich
 30305 | Abyss:3  | Reached skill level 20 in Unarmed Combat
 30314 | Spider:3 | Escaped the Abyss
 30319 | Spider:3 | Killed Louise
 30452 | Spider:3 | Noticed Azrael
 30468 | Spider:3 | Killed Azrael
 30850 | Spider:3 | Noticed Mara
 30941 | Spider:4 | Entered Level 4 of the Spider Nest
 31344 | Spider:4 | Paralysed by a hornet for 2 turns
 31347 | Spider:4 | Paralysed by a hornet for 1 turns
 32733 | Spider:4 | Got a gossamer rune of Zot
 33287 | Shoals:1 | Entered Level 1 of the Shoals
 33344 | Shoals:1 | Found Tyaf's General Store.
 33627 | Shoals:1 | Noticed Roxanne
 33669 | Shoals:1 | Noticed Frances
 33721 | Shoals:1 | Reached XP level 18. HP: 63/205 MP: 2/17
 33725 | Shoals:1 | HP: 2/205 [sea snake (15)]
 34402 | Shoals:2 | Reached skill level 21 in Unarmed Combat
 34921 | Shoals:2 | Noticed Aizul
 34924 | Shoals:2 | Found the +9 staff of Olgreb {rPois}
 35160 | Shoals:1 | Killed Aizul
 35375 | Shoals:1 | Killed Frances
 37402 | Shoals:4 | Entered Level 4 of the Shoals
 37493 | Shoals:4 | Noticed Polyphemus
 37729 | Shoals:4 | Killed Polyphemus
 38160 | Shoals:4 | Noticed Ilsuiw
 38180 | Shoals:4 | Killed Ilsuiw
 39179 | Shoals:4 | Reached skill level 22 in Unarmed Combat
 39190 | Shoals:4 | Reached skill level 5 in Armour
 39319 | Shoals:4 | Reached XP level 19. HP: 154/216 MP: 13/18
 39627 | Shoals:4 | HP: 7/217 [merfolk impaler/trident of protection (11)]
 40025 | Shoals:4 | Got a barnacled rune of Zot
 40742 | Elf:1    | Entered Level 1 of the Elven Halls
 41660 | Elf:1    | Cast into level 2 of the Abyss (a deep elf demonologist)
 41808 | Abyss:2  | Found a shadowy altar of Dithmenos.
 41972 | Abyss:2  | Paralysed by accursed screaming for 1 turns
 42099 | Elf:1    | Escaped the Abyss
 42347 | Elf:1    | Found Wimoit's Gadget Boutique.
 42347 | Elf:1    | Found Tiamuif's Jewellery Shoppe.
 42348 | Elf:1    | Found Zuipah's Gadget Boutique.
 43187 | Elf:2    | Found Xiet's Food Emporium.
 43338 | Elf:2    | Found a huge runed gate.
 43338 | Elf:2    | Found a huge runed gate.
 43339 | Elf:2    | Found a huge runed gate.
 43340 | Elf:2    | Found a huge runed gate.
 43346 | Elf:2    | Found a huge runed gate.
 44217 | Vaults:1 | Entered Level 1 of the Vaults
 44236 | Vaults:1 | Reached XP level 20. HP: 155/229 MP: 14/19
 44241 | Vaults:1 | Reached skill level 15 in Dodging
 44586 | Vaults:1 | Reached skill level 23 in Unarmed Combat
 44598 | Vaults:1 | Reached skill level 15 in Fighting
 44911 | Vaults:1 | Noticed Asterion
 44917 | Vaults:1 | Killed Asterion
 46802 | Vaults:2 | Found Qutyjis's Magic Scroll Boutique.
 47211 | Vaults:2 | Noticed Bai Suzhen
 47223 | Vaults:2 | Killed Bai Suzhen
 47223 | Vaults:2 | Reached XP level 21. HP: 175/240 MP: 13/20
 47471 | Vaults:2 | Noticed Frederick
 47487 | Vaults:2 | Killed Frederick
 47709 | Vaults:3 | Reached skill level 24 in Unarmed Combat
 47761 | Vaults:3 | Noticed Boris
 47779 | Vaults:3 | Killed Boris
 48693 | Vaults:3 | Found a staircase to the Crypt.
 49507 | Vaults:4 | Reached skill level 10 in Armour
 49670 | Vaults:4 | Reached XP level 22. HP: 214/254 MP: 17/21
 50211 | Vaults:4 | Got a bound amber ring
 50675 | Vaults:4 | Identified the ring "Mueshruuts" {Ice Int+4 Slay+2} (You found it on level 4 of the Vaults)
 50690 | Vaults:5 | Entered Level 5 of the Vaults
 50724 | Vaults:4 | Reached skill level 25 in Unarmed Combat
 52144 | Vaults:5 | Noticed an ancient lich
 52144 | Vaults:5 | Noticed an ancient lich
 52146 | Vaults:5 | Paralysed by an ancient lich for 3 turns
 52146 | Vaults:5 | HP: 11/255 [yaktaur/bolt (20)]
 52148 | Vaults:5 | HP: 2/255 [ancient lich (6)]
 52149 | Vaults:5 | Blown up by an ancient lich

Vault maps used:
D:1:      mrwooster_arrival_statue, minmay_misc_feat_tiny
D:2:      minmay_overflow_temple_star_quad, overflow_temple_1_default,
          uniq_sigmund, uniq_terence, uniq_natasha
D:3:      lemuel_zombie_altar_kikubaaqudgha, first_bread
D:5:      serial_shops, nicolae_shop_stone, kennysheep_little_box,
          portal_sewer_entry_d, serial_curves, eino_curves_01, eino_curves_04,
          uniq_blork_the_orc
D:6:      minitemple, minmay_temple_entry_grid
D:7:      minmay_misc_feat_x, grunt_livestock, kennysheep_generic_room_15
D:8:      due_lair_maze_entry_diamond
D:9:      nicolae_tso_besieged_by_evil, cheibriados_altar_1, orc_0_dummy,
          serial_shops, shop_fountains, wad_mini_maze
D:10:     minmay_misc_feat_nine_boxes, nicolae_transmutations_shop
D:11:     minmay_fire_ice_demons
D:12:     uniq_nergalle
D:13:     erik_vaults_1, hangedman_abyss_or_decor_passed,
          corexii_leaking_fountain, hangedman_ru_absence
D:14:     serial_park_tiny_pond
D:15:     grunt_enter_depths_giant_problem, serial_bayou_pond_c, spider_trap
Lair:1:   grunt_megastairs_2
Lair:2:   spider_nest_entry_rubble, grunt_megastairs_5
Lair:3:   wad_woods_04, lemuel_fruit_tree
Lair:4:   elwin_shoals_entry_rocks, grunt_megastairs_3, uniq_josephine,
          uniq_kirke, uniq_urug, uniq_snorg
Lair:5:   dpeg_slime_entry_corner
Lair:6:   evilmike_catoblepas_cave, basic_altar, infiniplex_staircase_pool,
          lemuel_fruit_fields, minmay_lair_oklob_chamber
Shoals:1: cheibrodos_shoals_three_sisters, serial_shops, shop, uniq_frances,
          uniq_roxanne
Shoals:2: uniq_aizul
Shoals:4: shoals_end_grunt_ice, shoals_ilsuiw_alternative, uniq_polyphemus
Spider:2: spider_trap, uniq_arachne
Spider:3: uniq_louise, uniq_azrael, uniq_mara, uniq_agnes
Spider:4: grunt_spider_rune_parallel
Orc:1:    giant_chief_lemuel
Orc:2:    st_orc_elflike, basic_altar
Elf:1:    elf_arrival_001, orc_legates, minmay_shop_grove
Elf:2:    serial_shops, shop, basic_stair_grate_trap
Vaults:1: v_pattern_4, nicolae_vaults_angled_halls, kb_rosetta,
          nicolae_vaults_little_squares_1, vaults_room_hallway,
          vaults_mumra_minichess, vaults_room_corners,
          ontoclasm_vaults_misaligned, nicolae_vaults_three_branches,
          ontoclasm_vaults_ring_square, grunt_vaults_diagonal, v_misc_5,
          nicolae_vaults_windows_and_doors_thing,
          hangedman_vaults_corner_blocks, uniq_asterion
Vaults:2: hangedman_vaults_river_flow, v_misc_24,
          nicolae_vaults_diagonal_hallway_7, nicolae_vaults_border_crossing,
          v_pattern_3, nicolae_vaults_circle_grid_b, nicolae_vaults_what_the_h,
          vaults_room_hallway, serial_shops, nicolae_shop_stone, uniq_frederick,
          uniq_bai_suzhen
Vaults:3: v_alt_pattern_2, st_octagons_1, nicolae_vaults_big_ls,
          nicolae_vaults_network_square, grunt_vaults_hallway_short,
          ontoclasm_vaults_fault, minmay_crypt_entry_nasty_monster,
          nicolae_vaults_little_squares_6, nicolae_vaults_theta,
          nicolae_vaults_theta, v_alt_pattern_3, nicolae_vaults_little_ls,
          hangedman_vaults_capsules, uniq_boris
Vaults:4: dpeg_vaults_monster_box, v_misc_27, nicolae_vaults_hallways_thing,
          v_rooms_2, vaults_room_grid, ontoclasm_vaults_shuriken,
          nicolae_vaults_branching_niches, ontoclasm_vaults_tryst,
          ontoclasm_vaults_chip, grunt_vaults_funnel, vaults_dpeg_encased_lava,
          nicolae_vaults_specimen_jars, vaults_mumra_hex
Abyss:2:  evilmike_abyss_exit_kraken
Abyss:3:  evilmike_abyss_exit_plants
Sewer:    sewer_co_15_rooms

Skill      XL: |  1  2  3  4  5  6  7  8  9 10 11 12 13 14 15 16 17 18 19 20 21 22 |
---------------+-------------------------------------------------------------------+-----
Unarmed Combat | 4 5 6 7 9 10 12 13 15 16 18 19 20 22 23 24 25 | 25.3
Fighting       | 3 4 5 6 7 8 9 10 11 12 13 14 15 16 | 16.5
Dodging        | 3 4 5 6 7 8 9 10 11 12 13 14 16 17 | 17.9
Armour         | 4 5 7 8 10 | 10.9
Stealth        | |  1.0

Action                   |  1- 3 |  4- 6 |  7- 9 | 10-12 | 13-15 | 16-18 | 19-21 | 22-24 || total
-------------------------+-------+-------+-------+-------+-------+-------+-------+-------++-------
Melee: Unarmed           |    49 |   144 |   335 |   572 |   858 |  1731 |  1687 |   449 ||  5825
       Punch             |     3 |     1 |    15 |    51 |   105 |   275 |   223 |    44 ||   717
Invok: Serpent's Lash    |       |       |     1 |     3 |     1 |     5 |     2 |       ||    12
       Heavenly Storm    |       |       |       |       |       |     5 |     1 |     1 ||     7
 Abil: Blink             |       |       |       |       |       |       |     1 |     1 ||     2
Evoke: Wand              |       |       |       |       |     6 |     2 |     2 |       ||    10
  Use: Scroll            |       |       |    19 |     9 |    13 |    15 |     8 |     4 ||    68
       Potion            |       |       |     1 |       |     8 |    17 |     2 |     1 ||    29
 Stab: Sleeping          |       |     4 |     2 |     3 |     8 |     4 |     4 |       ||    25
       Distracted        |       |       |     1 |       |     1 |     8 |     4 |       ||    14
       Petrified         |       |       |       |       |     4 |       |       |       ||     4
  Eat: Chunk             |     3 |    17 |    34 |    59 |    87 |   125 |    94 |    21 ||   440
       Meat ration       |       |       |       |     1 |     1 |     4 |     1 |       ||     7
       Bread ration      |       |       |       |       |       |     4 |       |       ||     4
       Royal jelly       |       |       |       |       |       |     4 |       |       ||     4
       Fruit             |       |       |       |       |       |     1 |       |       ||     1
Armor: Robe              |    17 |    37 |    77 |    66 |    85 |    35 |       |       ||   317
       Acid dragon scale |       |       |       |       |       |   223 |   104 |       ||   327
       Storm dragon scal |       |       |       |       |       |       |   113 |   156 ||   269
Dodge: Dodged            |    32 |    71 |   159 |   309 |   472 |  1310 |   678 |   249 ||  3280

Table legend:
 A = Spawn XP
 B = Non-spawn XP
 C = Spawn XP percentage of total XP
 D = Spawn monster count
 E = Non-spawn monster count
 F = Spawn count percentage of total count
 G = Total turns spent on level
                    A         B        C        D         E        F      G
               +---------+---------+-------+---------+---------+-------+---------
         Total |    9233 |  746111 |   1.2 |      24 |    1681 |   1.4 | 52149
               +---------+---------+-------+---------+---------+-------+---------
           D:1 |       0 |      28 |   0.0 |       0 |      16 |   0.0 |   700
           D:2 |       0 |     528 |   0.0 |       0 |      29 |   0.0 |   535
           D:3 |       0 |      74 |   0.0 |       0 |      24 |   0.0 |   623
           D:4 |       0 |     255 |   0.0 |       0 |      14 |   0.0 |   716
           D:5 |       0 |    1382 |   0.0 |       0 |      27 |   0.0 |   982
           D:6 |       0 |    1107 |   0.0 |       0 |      28 |   0.0 |   815
           D:7 |       0 |    2455 |   0.0 |       0 |      37 |   0.0 |   945
           D:8 |       0 |    4177 |   0.0 |       0 |      34 |   0.0 |   911
           D:9 |       0 |    5885 |   0.0 |       0 |      46 |   0.0 |   963
          D:10 |       0 |    1846 |   0.0 |       0 |      15 |   0.0 |   360
          D:11 |       0 |    1713 |   0.0 |       0 |      27 |   0.0 |  1009
          D:12 |       0 |    6400 |   0.0 |       0 |      29 |   0.0 |  1150
          D:13 |       0 |    9947 |   0.0 |       0 |      34 |   0.0 |   987
          D:14 |       0 |    7678 |   0.0 |       0 |      32 |   0.0 |   863
          D:15 |       0 |   10552 |   0.0 |       0 |      27 |   0.0 |  1192
        Lair:1 |       0 |    1265 |   0.0 |       0 |       5 |   0.0 |  1126
        Lair:2 |       0 |    4649 |   0.0 |       0 |      20 |   0.0 |  1355
        Lair:3 |       0 |     932 |   0.0 |       0 |       3 |   0.0 |  1531
        Lair:4 |       0 |   13020 |   0.0 |       0 |      39 |   0.0 |  1896
        Lair:5 |       0 |    7159 |   0.0 |       0 |      26 |   0.0 |  1190
        Lair:6 |       0 |   23761 |   0.0 |       0 |      58 |   0.0 |  2663
      Shoals:1 |       0 |   23579 |   0.0 |       0 |      38 |   0.0 |  1359
      Shoals:2 |       0 |   19942 |   0.0 |       0 |      40 |   0.0 |  1473
      Shoals:3 |       0 |   19456 |   0.0 |       0 |      41 |   0.0 |  2193
      Shoals:4 |       0 |   56056 |   0.0 |       0 |      84 |   0.0 |  1979
      Spider:1 |       0 |   18123 |   0.0 |       0 |      53 |   0.0 |  2561
      Spider:2 |       0 |   25158 |   0.0 |       0 |      55 |   0.0 |  2026
      Spider:3 |       0 |   11666 |   0.0 |       0 |      27 |   0.0 |   927
      Spider:4 |       0 |   31570 |   0.0 |       0 |      71 |   0.0 |  1898
         Orc:1 |       0 |   17692 |   0.0 |       0 |      55 |   0.0 |  1886
         Orc:2 |       0 |   10437 |   0.0 |       0 |      72 |   0.0 |  1585
         Elf:1 |       0 |   25940 |   0.0 |       0 |      50 |   0.0 |  1668
         Elf:2 |       0 |   33775 |   0.0 |       0 |      46 |   0.0 |  1233
      Vaults:1 |       0 |   45445 |   0.0 |       0 |      80 |   0.0 |  1585
      Vaults:2 |       0 |   89028 |   0.0 |       0 |     113 |   0.0 |  1897
      Vaults:3 |       0 |   81305 |   0.0 |       0 |     111 |   0.0 |  1656
      Vaults:4 |       0 |  109287 |   0.0 |       0 |     128 |   0.0 |  2739
      Vaults:5 |       0 |   10786 |   0.0 |       0 |       8 |   0.0 |    55
       Abyss:2 |    5089 |    8158 |  38.4 |      18 |      19 |  48.6 |   439
       Abyss:3 |    4144 |    3593 |  53.6 |       6 |       4 |  60.0 |   190
         Sewer |       0 |     302 |   0.0 |       0 |      16 |   0.0 |   288
               +---------+---------+-------+---------+---------+-------+---------
